 Dungeon Crawl Stone Soup version 0.28.0 (webtiles) character file.

Game seed: 1766778988679719688

38 mkm the Skirmisher (level 3, -1/52 HPs)
             Began as a Minotaur Berserker on Feb 9, 2022.
             Was a Follower of Trog.
             Slain by a gnoll (4 damage)
             ... on level 2 of the Dungeon.
             The game lasted 00:02:48 (1129 turns).

mkm the Skirmisher (Minotaur Berserker)             Turns: 1129, Time: 00:02:49

Health: -1/52      AC:  2    Str: 21    XL:     3   Next: 25%
Magic:  2/2        EV: 12    Int:  4    God:    Trog [*.....]
Gold:   16         SH:  0    Dex: 11    Spells: 2/2 levels left

rFire   . . .      SeeInvis .   i - +0 hand axe
rCold   . . .      Faith    .   (no shield)
rNeg    . . .      Spirit   .   b - +0 animal skin
rPois   .          Reflect  .   (helmet restricted)
rElec   .          Harm     .   j - scarf {+Inv}
rCorr   .          Rampage  .   (no gloves)
Will    .....                   (no boots)
Stlth   ..........              (no amulet)
HPRegen 0.17/turn               (no ring)
MPRegen 0.08/turn               (no ring)

@: berserking, very quick
A: horns 2, retaliatory headbutt
a: Renounce Religion, Evoke Invisibility, Berserk


You were on level 2 of the Dungeon.
You worshipped Trog.
Trog was aware of your devotion.
You visited 1 branch of the dungeon, and saw 2 of its levels.

You collected 16 gold pieces.

Inventory:

Hand Weapons
 a - a +0 mace
 i - a +0 hand axe (weapon)
Armour
 b - a +0 animal skin (worn)
 j - a scarf of invisibility (worn)
Scrolls
 d - a scroll of teleportation {unknown}
 f - a scroll of enchant armour {unknown}
 g - a scroll of fear
 h - a scroll of fog {unknown}
 l - a scroll of enchant weapon {unknown}
Potions
 c - a potion of brilliance {unknown}
 e - a potion of heal wounds {unknown}
 k - a potion of might {unknown}


   Skills:
 + Level 4.8 Fighting
 + Level 0.3(2.2) Axes
 - Level 3.6 Maces & Flails
 + Level 2.8 Armour
 + Level 2.6 Dodging


You had 2 spell levels left.
You didn't know any spells.
Your spell library was empty.

Dungeon Overview and Level Annotations

Branches:
Dungeon (2/15)

Altars:


Innate Abilities, Weirdness & Mutations

You have a pair of horns on your head.
You reflexively headbutt those who attack you in melee.


Message History

The hobgoblin shouts!
A ball python comes into view.
The ball python hisses angrily.
The gnoll hits you from afar with a +0 halberd.
The ball python moves out of view.
The gnoll closely misses you.
You hit the hobgoblin. You headbutt the hobgoblin.
You kill the hobgoblin!
Trog accepts your kill. The gnoll barely misses you.
You have reached level 3!
Your experience leads to an increase in your attributes!
Increase (S)trength, (I)ntelligence, or (D)exterity?
You feel agile. x2
The gnoll hits you with a +0 spear! The gnoll barely misses you.
You barely miss the gnoll. The gnoll hits you with a +0 spear!
The gnoll misses you.
You hit the gnoll.
The gnoll is heavily wounded.
The gnoll misses you. You furiously retaliate!
You headbutt the gnoll, but do no damage.
The gnoll barely misses you. The gnoll hits you with a +0 spear.
You completely miss the gnoll.
The gnoll is heavily wounded.
The gnoll hits you from afar with a +0 spear.
* * * LOW HITPOINT WARNING * * *
The gnoll hits you with a +0 spear.
* * * LOW HITPOINT WARNING * * *
You hit the gnoll.
You kill the gnoll!
Trog accepts your kill.
The gnoll hits you from afar with a +0 spear.
* * * LOW HITPOINT WARNING * * *
The gnoll closely misses you.
You see here a +0 spear.
Okay, then.
A red film seems to cover your vision as you go berserk!
You feel yourself moving faster!
You feel mighty! The gnoll hits you with a +0 spear.
You die...

..........#### ...#.....#
###...##.....# ........#
......##.....# ......^#
.>....##.....# ......#
......##.....# #BS...#
......##.....# #.....#
......##.....# #.....#
...#####.....########..####.#
+...'.....'..@gBSgg.......
#####.....#########..##...
####### ..... . .......
....... ....... ....#..
##..#..


You could see 3 gnolls, a giant cockroach and a ball python.

Vanquished Creatures
  A gnoll (D:2)
  4 endoplasms (D:1)
  2 giant cockroaches (D:1)
  2 goblins (D:1)
  2 hobgoblins
  2 jackals (D:1)
  A ball python (D:2)
  7 bats
  2 frilled lizards (D:1)
  3 kobolds (D:1)
  2 rats (D:1)
28 creatures vanquished.

Notes
Turn   | Place    | Note
-------+----------+-------------------------------------------
     0 | D:1      | mkm the Minotaur Berserker began the quest for the Orb.
     0 | D:1      | Reached XP level 1. HP: 19/19 MP: 0/0
   141 | D:1      | Reached skill level 4 in Fighting
   171 | D:1      | Reached XP level 2. HP: 23/27 MP: 1/1
  1121 | D:2      | Reached XP level 3. HP: 34/34 MP: 2/2
  1129 | D:2      | Slain by a gnoll

Illustrated notes

Levels and vault maps discovered:
D:1:      lightli_iron_boxes, layout_basic
D:2:      layout_basic, ebering_ecumenical_altar_petrified, uniq_terence,
          uniq_jessica

Skill      XL: |  1 |
---------------+----+-----
Fighting       | 4 |  4.8
Axes           | |  0.3
Maces & Flails | |  3.6
Armour         | |  2.8
Dodging        | |  2.6

Action                   || total
-------------------------++-------
Melee: Mace              ||    25
       Headbutt          ||     6
       Hand axe          ||    20
Invok: Berserk           ||     1
  Use: Scroll            ||     1
Armor: Animal skin       ||    14
Dodge: Dodged            ||    46
